 Dungeon Crawl Stone Soup version 0.19.1 (webtiles) character file.

20 Jerry the Cutter (level 2, -1/15 HPs)
             Began as a Vine Stalker Gladiator on Dec 22, 2016.
             Slain by an adder (3 damage)
             ... on level 2 of the Dungeon.
             The game lasted 00:02:11 (487 turns).

Jerry the Cutter (Vine Stalker Gladiator)            Turns: 487, Time: 00:02:12

Health: -1/15      AC:  4    Str: 17    XL:     2   Next: 79%
Magic:  0/3        EV: 13    Int:  8    God:
Gold:   10         SH:  0    Dex: 14    Spells: 0 memorised, 1 level left

rFire  . . .     SeeInvis .     a - +0 rapier
rCold  . . .     Gourm    .     b - +0 leather armour
rNeg   + . .     Faith    .     (no shield)
rPois  .         Spirit   +     c - +0 helmet
rElec  .         Reflect  .     (no cloak)
rCorr  .         Harm     .     (no gloves)
MR     .....                    (no boots)
Stlth  +.........               (no amulet)
                                k - +1 ring of evasion
                                m - ring of positive energy

@: no status effects
A: fangs 2, talons 1, magic shield, antimagic bite, no device heal 3, rot
immunity
a: no special abilities


You were on level 2 of the Dungeon.
You were not hungry.

You visited 1 branch of the dungeon, and saw 2 of its levels.

You collected 10 gold pieces.

Inventory:

Hand Weapons
 a - a +0 rapier (weapon)
Missiles
 d - 3 throwing nets (quivered)
Armour
 b - a +0 leather armour (worn)
 c - a +0 helmet (worn)
Jewellery
 e - an uncursed ring of wizardry
 k - a +1 ring of evasion (right hand)
 m - a ring of positive energy (left hand)
Scrolls
 h - a scroll of amnesia {unknown}
 i - a scroll of remove curse {unknown}
 j - a scroll of enchant armour {unknown}
 p - a scroll of identify {unknown}
Comestibles
 f - a bread ration
 g - 6 chunks of flesh
 o - 2 meat rations


   Skills:
 + Level 2.1 Fighting
 + Level 2.9 Short Blades
 - Level 1.7 Throwing
 + Level 0.8 Armour
 + Level 2.6 Dodging


You had one spell level left.
You didn't know any spells.

Dungeon Overview and Level Annotations

Branches:
Dungeon (2/15)

Altars:


Innate Abilities, Weirdness & Mutations

You have extremely sharp teeth.
When hurt, damage is shared between your health and your magic reserves.
Your bite disrupts and absorbs the magic of your enemies.
Potions and wands cannot restore your health.
You are immune to rotting.
You have sharp toenails.


Message History

You barely miss the adder. You bite the adder. You drain its power.
You feel invigorated.
The adder is heavily wounded.
The ball python closely misses you. The ball python grabs you.
The ball python constricts you. The adder bites you.
You are lethally poisoned!
The adder poisons you!
You puncture the ball python!
You kill the ball python!
* * * LOW HITPOINT WARNING * * *
You feel sick. The adder bites you but does no damage. The adder bites you.
* * * LOW HITPOINT WARNING * * *
You are too injured to fight recklessly!
You are too injured to fight recklessly!
It was a potion of beneficial mutation.
Your toenails lengthen and sharpen.
You feel fantastic! The adder closely misses you.
It was a potion of curing.
Your system rejects the healing.
You feel better. The adder bites you.
You die...

#. ..# #. ..#
#.##..# #.....##
#..... #..#...####
#.....####.....%)...
.
#...........S.......
. #....
#.##.@....... ..
#... #.##.#...####
#.# #.## #.##.##>##
#..###..####.#..##.#
........)........# #
♣♣♣...♣♣♣...♣♣♣....#
##..≈.... #♣.♣#
#♣.♣# #♣.###
#...≈... ♣.♣ ♣.♣ .#
#...≈≈≈+ #♣.♣# ♣.♣
.# ###.#....


You could see an adder.

Vanquished Creatures
  A worm (D:2)
  2 dart slugs (D:1)
  A ball python (D:2)
  2 bats (D:1)
  2 goblins
  A hobgoblin (D:2)
  2 frilled lizards (D:1)
  4 rats
15 creatures vanquished.

Notes
Turn   | Place    | Note
-------+----------+-------------------------------------------
     0 | D:1      | Jerry the Vine Stalker Gladiator began the quest for the Orb.
     0 | D:1      | Reached XP level 1. HP: 11/11 MP: 2/2
   200 | D:1      | Reached XP level 2. HP: 8/15 MP: 1/3
   486 | D:2      | Gained mutation: You have sharp toenails. [potion of beneficial mutation]
   487 | D:2      | Slain by an adder

Skill      XL: |  1 |
---------------+----+-----
Fighting       | 2 |  2.1
Short Blades   | |  2.9
Throwing       | |  1.7
Armour         | |  0.8
Dodging        | |  2.6

Action                   || total
-------------------------++-------
Melee: Rapier            ||    38
       Bite              ||    10
  Use: Potion            ||     2
Armor: Leather armour    ||     8
Dodge: Dodged            ||    24
